 Dungeon Crawl Stone Soup version 0.31-a0-662-g684573625c (webtiles) character file.

Game seed: 1733060918391366907

474 cforsyth the Trooper (level 7, 0/55 HPs)
             Began as a Djinni Cinder Acolyte on Sept 1, 2023.
             Was a High Priest of Ignis.
             Slain by a jelly (1 damage)
             ... on level 5 of the Dungeon.
             The game lasted 00:07:25 (6066 turns).

cforsyth the Trooper (Djinni Cinder Acolyte)        Turns: 6066, Time: 00:07:26

Health: 0/55       AC: -4    Str: 13    XL:     7   Next: 32%
Gold:   251        EV:  6    Int: 17    God:    Ignis [*****.] SH:  0 Dex:  9

rFire   + + +        a - -1 falchion (flame)
rCold   x . .        (no shield)
rNeg    . . .        h - +0 chain mail
rPois   ∞            (no helmet)
rElec   .            (no cloak)
rCorr   .            (no gloves)
SInv    .            (boots unavailable)
Will    .....        (no amulet) Stlth
                     g - +4 ring of protection
HPRegen 0.29/turn    (no ring)
MPRegen 0.00/turn

%: infuse magic (-1 HP)
@: corroded, flying
A: sickness immunity, fire resistance 2, cold vulnerability 1, float, innate
caster, HP casting, extra vitality 1
a: Renounce Religion, Fiery Armour, Foxfire Swarm, Rising Flame


You were on level 5 of the Dungeon.
You worshipped Ignis.
Ignis was extremely pleased with you.
You visited 1 branch of the dungeon, and saw 5 of its levels.

You collected 251 gold pieces.

Inventory:

Hand Weapons
 a - a -1 falchion of flaming (weapon)
Armour
 b - a +0 robe
 h - a +0 chain mail (worn)
Jewellery
 g - a +4 ring of protection (left hand)
 l - a ring of see invisible
Scrolls
 c - a scroll of fear {unknown}
 d - 2 scrolls of identify {unknown}
 f - a scroll of noise {unknown}
 m - a scroll of fog {unknown}
 q - a scroll of brand weapon {unknown}
Potions
 e - 2 potions of might {unknown}
 i - a potion of ambrosia {unknown}
 j - a potion of curing {unknown}
 k - 2 potions of enlightenment {unknown}
 n - a potion of degeneration {unknown}
 o - a potion of heal wounds {unknown}
 p - a potion of attraction {unknown}


   Skills:
 + Level 5.7 Fighting
 - Level 3.3 Long Blades
 + Level 4.2 Spellcasting
 + Level 4.2 Conjurations
 + Level 4.2 Hexes
 + Level 4.2 Summonings
 + Level 4.2 Necromancy
 + Level 4.2 Translocations
 + Level 4.2 Transmutations
 + Level 4.2 Fire Magic
 + Level 4.2 Ice Magic
 + Level 4.2 Air Magic
 + Level 4.2 Earth Magic
 + Level 4.2 Poison Magic


You knew the following spells:

 Your Spells              Type           Power      Damage    Failure   Level
a - Scorch                Fire           36%        2d6       69%         2
b - Sandblast             Erth           36%        2d10      54%         1
c - Ensorcelled Hibernat  Hex/Ice        36%        N/A       69%         2
d - Confusing Touch       Hex            18%        N/A       89%         3
Your spell library was empty.

Dungeon Overview and Level Annotations

Branches:
Dungeon (5/15)
 Temple: D:4-7

Altars:
Fedhas


Innate Abilities, Weirdness & Mutations

You are immune to sickness and miasma.
You are immune to poison.
Your flesh is very heat resistant. (rF++)
You are vulnerable to cold. (rC-)
You float through the air rather than walking.
You learn spells naturally, not from books.
Your magical power is your life essence.
You have superior vitality. (+4 MHP)


Message History

A jelly comes into view.
A jelly is nearby!
A jelly is nearby!
There is a stone staircase leading up here.
You hit the jelly. You burn the jelly. The acid corrodes you!
Your hands burn!
The jelly is moderately wounded.
The jelly hits you but does no damage.
You barely miss the jelly.
The jelly is moderately wounded.
The jelly barely misses you.
You hit the jelly but do no damage. The acid corrodes you!
Your hands burn!
The jelly is moderately wounded.
The jelly barely misses you.
You hit the jelly but do no damage.
Your hands burn!
The jelly is moderately wounded.
The jelly hits you but does no damage.
You hit the jelly but do no damage. The acid corrodes you!
Your hands burn!
The jelly is moderately wounded.
The jelly jiggles.
The jelly hits you. The acid corrodes you!
You are splashed with acid!
You hit the jelly. You burn the jelly.
Your hands burn!
The jelly is severely wounded.
The jelly hits you.
You are splashed with acid!
* * * LOW HITPOINT WARNING * * *
You are too injured to fight recklessly!
You are too injured to fight recklessly!
You are too injured to fight recklessly!
You are too injured to fight recklessly!
You are too injured to fight recklessly!
You are too injured to fight recklessly!
You are too injured to fight recklessly!
You hit the jelly. You burn the jelly.
Your hands burn!
* * * LOW HITPOINT WARNING * * *
The jelly is severely wounded.
The jelly hits you.
* * * LOW HITPOINT WARNING * * *
The acid corrodes you!
You are splashed with acid!
* * * LOW HITPOINT WARNING * * *
The jelly hits you.
You die...

#.........# #.#.#
#.........+ .#
#.........# )#
#.........#####J
#######..............#
.......)........####.#
######.............J.#
#.##.#######+#J##..#
#....# #@##..# #.####
#######..# # #.#
.........# # #.#
########.# # #.# #.#
###.# #.#
....################.#
.....................#
######################


You could see a jelly.

Vanquished Creatures
  A steam dragon (D:3)
  A phantom (D:3)
  An orc priest (D:3)
  A hound (D:4)
  2 orc wizards (D:3)
  An iguana (D:3)
  A gnoll (D:2)
  4 adders
  A dart slug (D:3)
  11 orcs
  5 ball pythons
  8 endoplasms
  5 giant cockroaches
  12 goblins
  4 hobgoblins
  3 jackals (D:1)
  3 quokkas
  6 bats
  6 frilled lizards
  7 kobolds
  6 rats
89 creatures vanquished.

Notes
Turn   | Place    | Note
-------+----------+-------------------------------------------
     0 | D:1      | cforsyth the Djinni Cinder Acolyte began the quest for the
                  | Orb.
     0 | D:1      | cforsyth set off with the following spells memorised:
                  | Scorch.
     0 | D:1      | Reached XP level 1. HP: 20/20 MP: 0/0
    76 | D:1      | Reached XP level 2. HP: 22/25 MP: 0/0
   350 | D:1      | Reached XP level 3. HP: 5/30 MP: 0/0
   350 | D:1      | Learned a level 1 spell: Sandblast
   359 | D:1      | HP: 1/30 [rat (1)]
  1220 | D:2      | Reached XP level 4. HP: 15/36 MP: 0/0
  2470 | D:3      | Reached skill level 4 in Fighting
  2513 | D:3      | Reached XP level 5. HP: 37/41 MP: 0/0
  2513 | D:3      | Learned a level 2 spell: Ensorcelled Hibernation
  3172 | D:4      | Noticed a steam dragon
  3173 | D:4      | Noticed a phantom
  3183 | D:4      | Noticed an ogre
  3241 | D:3      | Killed a phantom
  3242 | D:3      | Reached XP level 6. HP: 40/48 MP: 0/0
  3404 | D:3      | Killed a steam dragon
  3405 | D:3      | Reached skill level 5 in Fighting
  4207 | D:3      | Reached XP level 7. HP: 46/54 MP: 0/0
  4207 | D:3      | Learned a level 3 spell: Confusing Touch
  5381 | D:4      | Found a blossoming altar of Fedhas.
  5914 | D:5      | Entered Level 5 of the Dungeon
  6066 | D:5      | HP: 1/55 [acid (11)]
  6066 | D:5      | Slain by a jelly

Illustrated notes

Levels and vault maps discovered:
D:1:      minmay_arrival_three_doors, layout_loops_ring
D:2:      minmay_spotlight, layout_basic
D:3:      layout_basic
D:4:      layout_loops_ring, fedhas_altar_4,
          nicolae_dithmenos_through_a_glass_darkly, kennysheep_cluttered_room
D:5:      layout_basic, dk_rats_in_the_wall

Skill      XL: |  1  2  3  4  5  6  7 |
---------------+----------------------+-----
Long Blades    | 3 |  3.3
Fighting       | 4 5 |  5.7
Spellcasting   | 3 4 |  4.2
Conjurations   | 3 4 |  4.2
Hexes          | 3 4 |  4.2
Summonings     | 3 4 |  4.2
Necromancy     | 3 4 |  4.2
Translocations | 3 4 |  4.2
Transmutations | 3 4 |  4.2
Fire Magic     | 3 4 |  4.2
Ice Magic      | 3 4 |  4.2
Air Magic      | 3 4 |  4.2
Earth Magic    | 3 4 |  4.2
Poison Magic   | 3 4 |  4.2

Action                     |  1- 3 |  4- 6 |  7- 9 || total
---------------------------+-------+-------+-------++-------
  Melee: Falchion          |   109 |   220 |    91 ||   420
         Punch             |     1 |     2 |       ||     3
   Cast: Scorch            |     3 |     2 |       ||     5
    Use: Potion            |     1 |       |       ||     1
 Armour: Robe              |    62 |    15 |       ||    77
         Chain mail        |       |   215 |   111 ||   326
  Dodge: Dodged            |    63 |    78 |    34 ||   175

Table legend: (Time is in decaauts)
 A = Elapsed time spent in this place.
 B = Non-inter-level travel time spent in this place.
 C = Inter-level travel time spent in this place.
 D = Time resting spent in this place.
 E = Time spent auto-exploring this place.
 F = Levels seen in this place.
 G = Mean time per level.
                   A        B        C        D        E       F      G
               +--------+--------+--------+--------+--------+-----+--------+
         Total |   6136 |   5198 |    938 |   1098 |   3017 |   5 | 1227.2 |
       Dungeon |   6136 |   5198 |    938 |   1098 |   3017 |   5 | 1227.2 |
               +--------+--------+--------+--------+--------+-----+--------+

Top non-repeatable levels by time:
     D:3: 3066 daAuts
     D:1: 1132 daAuts
     D:2: 937 daAuts
     D:4: 847 daAuts
     D:5: 152 daAuts
